 Dungeon Crawl Stone Soup version 0.30.0-29-ga12c61a403 (webtiles) character file.

Game seed: 11092425272354517041

28 ChadusMaximus the Caller (level 3, -8/24 HPs)
             Began as a Human Summoner on June 8, 2023.
             Mangled by an iguana (11 damage)
             ... on level 3 of the Dungeon.
             The game lasted 00:03:04 (1720 turns).

ChadusMaximus the Caller (Human Summoner)           Turns: 1720, Time: 00:03:04

Health: -8/24      AC:  3    Str: 14    XL:     3   Next: 27%
Magic:  1/6        EV: 12    Int: 17    God:
Gold:   85         SH:  0    Dex: 13    Spells: 0/6 levels left

rFire   . . .        e - +0 falchion
rCold   . . .        (no shield)
rNeg    . . .        a - +0 robe
rPois   .            m - +0 helmet
rElec   .            (no cloak)
rCorr   .            (no gloves)
SInv    .            (no boots)
Will    .....        (no amulet)
Stlth   ++           g - +6 ring of strength
HPRegen 0.24/turn    (no ring)
MPRegen 0.10/turn

%: no passive effects
@: no status effects
A: no striking features
a: no special abilities


You were on level 3 of the Dungeon.
You visited 1 branch of the dungeon, and saw 3 of its levels.

You collected 85 gold pieces.

Inventory:

Hand Weapons
 c - a +0 dagger
 e - a +0 falchion (weapon)
Missiles
 q - 3 stones
Armour
 a - a +0 robe (worn)
 m - a +0 helmet (worn)
 p - an orb of energy
Jewellery
 g - a +6 ring of strength (left hand)
 n - an amulet of magic regeneration
Scrolls
 f - a scroll of identify {unknown}
 i - 2 scrolls of immolation {unknown}
 k - a scroll of magic mapping {unknown}
 l - a scroll of teleportation {unknown}
 o - a scroll of vulnerability {unknown}
 s - a scroll of fear {unknown}
Potions
 b - a potion of magic
 d - a potion of mutation {unknown}
 h - 2 potions of might {unknown}
 j - a potion of haste {unknown}
 r - a potion of curing {unknown}


   Skills:
 + Level 2.4 Dodging
 + Level 2.5 Stealth
 + Level 2.3 Spellcasting
 + Level 4.2 Summonings


You couldn't memorise any spells.
You knew the following spells:

 Your Spells              Type           Power      Damage    Failure   Level
a - Summon Small Mammal   Summ           64%        N/A       3%          1
b - Call Imp              Summ           32%        N/A       4%          2
c - Call Canine Familiar  Summ           16%        N/A       10%         3

Your spell library contained the following spells:

 Spells                   Type           Power      Damage    Failure   Level
 Summon Guardian Golem    Hex/Summ       9%         N/A       24%         3
 Ensorcelled Hibernation  Hex/Ice        4%         N/A       28%         2
 Spider Form              Tmut/Pois      2%         N/A       50%         3
 Summon Lightning Spire   Summ/Air       9%         N/A       61%         4
 Anguish                  Hex/Necr       1%         N/A       88%         4


Dungeon Overview and Level Annotations

Branches:
Dungeon (3/15)

Altars:


Message History

Unknown command.
You hit the iguana.
The iguana is moderately wounded.
The iguana bites you!
* * * LOW HITPOINT WARNING * * *
Your cerulean imp hits the iguana but does no damage.
The iguana barely misses you.
You are too injured to fight recklessly!
Casting: Call Imp (safe; 4% risk of failure)
Confirm with . or Enter, or press ? or * to list all spells.
A tiny devil pulls itself out of the air.
Your cerulean imp disappears in a puff of smoke!
The iguana closely misses you.
Casting: Call Imp (safe; 4% risk of failure)
Confirm with . or Enter, or press ? or * to list all spells.
You don't have enough magic to cast this spell.
An iguana is nearby!
Casting: Call Imp (safe; 4% risk of failure)
Confirm with . or Enter, or press ? or * to list all spells.
You don't have enough magic to cast this spell.
Casting: Call Imp (safe; 4% risk of failure)
Confirm with . or Enter, or press ? or * to list all spells.
A tiny devil pulls itself out of the air.
Your cerulean imp disappears in a puff of smoke!
The iguana closely misses you.
Your cerulean imp closely misses the iguana.
Your cerulean imp hits the iguana with a -3 spear.
Your cerulean imp hits the iguana but does no damage.
Your cerulean imp barely misses the iguana.
Your cerulean imp closely misses the iguana.
Your cerulean imp hits the iguana from afar with a -3 spear.
The iguana attacks as you move away! The iguana closely misses you.
The iguana attacks as you move away! The iguana bites you!
* * * LOW HITPOINT WARNING * * *
Your cerulean imp barely misses the iguana.
The iguana attacks as you move away! The iguana misses you.
Casting: Call Imp (safe; 4% risk of failure)
Confirm with . or Enter, or press ? or * to list all spells.
The iguana bites you!
You die...

#......5###+####...(....'...
#.......# #.# #........####
#.......# #.# #........#
#.......###.# #####'###'####
##+##+#...#.# #.............
.##.###5#.###.............
........r...'....>........
.##.###.#l###.............
#.#@# #....<........ #.#.#
#.............
#.#.............####
#.........#.#####
###########.# #.# ..# ..#
..#


You could see an iguana (ally target), a friendly cerulean imp (summoned) and a
friendly rat (summoned).

Vanquished Creatures
  A dart slug (D:2)
  2 ball pythons (D:2)
  A giant cockroach (D:2)
  A goblin (D:1)
  2 hobgoblins (D:1)
  2 quokkas
  A bat (D:1)
  A frilled lizard (D:2)
  A kobold (D:1)
  4 rats (D:1)
16 creatures vanquished.

Vanquished Creatures (collateral kills)
  3 goblins
  A hobgoblin (D:1)
  A quokka (D:1)
  2 ball pythons (D:1)
  A frilled lizard (D:1)
  A rat (D:1)
9 creatures vanquished.

Grand Total: 25 creatures vanquished

Notes
Turn   | Place    | Note
-------+----------+-------------------------------------------
     0 | D:1      | ChadusMaximus the Human Summoner began the quest for the
                  | Orb.
     0 | D:1      | Reached XP level 1. HP: 13/13 MP: 3/3
   166 | D:1      | Reached XP level 2. HP: 5/19 MP: 5/5
   688 | D:1      | Learned a level 2 spell: Call Imp
   824 | D:2      | You fall into a shaft and drop 1 floor!
   961 | D:2      | Reached XP level 3. HP: 24/24 MP: 6/6
  1030 | D:2      | Learned a level 3 spell: Call Canine Familiar
  1720 | D:3      | Mangled by an iguana

Illustrated notes

Levels and vault maps discovered:
D:1:      eino_arrival_water_cross, layout_rooms, serial_forest,
          infiniplex_forest_clump_tiny, infiniplex_forest_3_way,
          infiniplex_forest_lined_ring, infiniplex_forest_clump_diagonal,
          infiniplex_forest_straight_4, infiniplex_forest_lined_room_2,
          infiniplex_forest_lined_room_, infiniplex_forest_end_2
D:2:      layout_basic
D:3:      layout_basic, gammafunk_ghost_split, minmay_crystal_room,
          amethyst_killhole

Action                     || total
---------------------------++-------
  Melee: Dagger            ||     6
         Falchion          ||    54
         Punch             ||     1
   Cast: Summon Small Mamm ||    20
         Call Imp          ||     7
   Stab: Sleeping          ||     2
 Armour: Robe              ||    13
  Dodge: Dodged            ||    61
